 Dungeon Crawl Stone Soup version 0.28-a0-1616-g050a50673c (webtiles) character file.

Game seed: 10446903620342872401

59616 enile the Warrior (level 14, -7/98 HPs)
             Began as a Gargoyle Fighter on Jan 23, 2022.
             Was a High Priest of Qazlal.
             Mangled by an ettin (17 damage)
             ... on level 2 of the Orcish Mines.
             The game lasted 00:57:19 (21637 turns).

enile the Warrior (Gargoyle Fighter)               Turns: 21637, Time: 00:57:20

Health: -7/98      AC: 39    Str: 23    XL:     14   Next: 95%
Magic:  18/23      EV:  7    Int: 16    God:    Qazlal [*****.]
Gold:   1533       SH: 14    Dex: 18    Spells: 13/13 levels left

rFire   + . .      SeeInvis .   f - +7 whip (elec)
rCold   . . .      Faith    .   c - +1 buckler
rNeg    + + .      Spirit   .   s - +2 plate armour
rPois   ∞          Reflect  .   O - +2 helmet
rElec   +          Harm     .   I - +2 ratskin cloak {*Rats rPois rN+ Str-1 Int-1 Dex+1}
rCorr   .          Rampage  .   (no gloves)
Will    +....                   m - +0 pair of boots
Stlth   ..........              T - amulet of regeneration
HPRegen 1.06/turn               r - +6 ring of dexterity
MPRegen 0.18/turn               G - ring "Jonicel" {*Corrode +Blink rF+ Int+9}

@: protected from physical damage, flying, repel missiles
A: sickness immunity, AC +10, big wings, negative energy resistance 1,
electricity resistance, torment resistance 1, petrification resistance
a: Renounce Religion, Evoke Blink, Upheaval, Elemental Force, Disaster Area


You were on level 2 of the Orcish Mines.
You worshipped Qazlal.
Qazlal was extremely pleased with you.
You visited 3 branches of the dungeon, and saw 19 of its levels.
You also visited: Sewer.

You collected 2028 gold pieces.
You spent 495 gold pieces at shops.

Inventory:

Hand Weapons
 f - a +7 whip of electrocution (weapon)
 h - a +2 flail of holy wrath
 P - the +6 scimitar of Qihaliku {vamp, rF++ rN+ MP+9}
   (You found it on level 6 of the Lair of Beasts)

   It occasionally heals its wielder for a portion of the damage dealt when it
   wounds a living foe.
   rF:        It greatly protects you from fire.
   rN:        It protects you from negative energy.
   MP:        It affects your magic capacity (+9).
Missiles
 k - 3 datura-tipped darts (quivered)
 p - 2 javelins
 J - 55 poisoned darts
 Y - 6 silver javelins
Armour
 c - a +1 buckler (worn)
 m - a +0 pair of boots (worn)
 n - a +3 leather armour
 s - a +2 plate armour (worn)
 F - a +2 robe of cold resistance
 I - the +2 ratskin cloak (worn) {*Rats rPois rN+ Str-1 Int-1 Dex+1}
   (You found it on level 7 of the Dungeon)

   When the wearer is hurt, rats may emerge from it to assist them.
   Str:       It affects your strength (-1).
   Int:       It affects your intelligence (-1).
   Dex:       It affects your dexterity (+1).
   rPois:     It protects you from poison.
   rN:        It protects you from negative energy.
 O - a +2 helmet (worn)
 S - a +2 hat
Jewellery
 r - a +6 ring of dexterity (left hand)
 w - a ring of willpower
 C - a ring of positive energy
 G - the ring "Jonicel" (right hand) {*Corrode +Blink rF+ Int+9}
   (You found it on level 6 of the Lair of Beasts)

   [ring of protection from fire]

   Int:       It affects your intelligence (+9).
   rF:        It protects you from fire.
   +Blink:    It lets you blink.
   *Corrode:  It may corrode you when you take damage.
 L - a ring of resist corrosion
 T - an amulet of regeneration (around neck)
 X - the ring of Delaroc {Ice Drain rPois MP+9 Int+9}
   (You found it on level 2 of the Lair of Beasts)

   [ring of ice]

   It enhances your ice magic.
   Int:       It affects your intelligence (+9).
   rF:        It makes you vulnerable to fire.
   rC:        It protects you from cold.
   rPois:     It protects you from poison.
   MP:        It affects your magic capacity (+9).
   Drain:     It drains your maximum health when unequipped.
Wands
 i - a wand of charming (4)
 o - a wand of iceblast (13)
 M - a wand of flame (29)
 N - a wand of digging (5)
 V - a wand of acid (11)
Scrolls
 d - 2 scrolls of torment
 e - 3 scrolls of blinking
 g - 12 scrolls of teleportation
 j - 3 scrolls of immolation
 l - 2 scrolls of fog
 y - 3 scrolls of amnesia
 z - 2 scrolls of magic mapping
 A - a scroll of summoning
 B - 5 scrolls of vulnerability
 K - 7 scrolls of identify
 Q - 4 scrolls of noise
 Z - 2 scrolls of fear
Potions
 a - a potion of resistance
 b - a potion of invisibility
 q - a potion of brilliance
 t - a potion of degeneration
 u - a potion of heal wounds
 v - 8 potions of curing
 x - 2 potions of attraction
 D - 2 potions of flight {unknown}
 E - 3 potions of haste
 H - a potion of might
 U - a potion of ambrosia {unknown}
Miscellaneous
 W - a phantom mirror (inert)


   Skills:
 - Level 15.0 Fighting
 - Level 10.0 Maces & Flails
 - Level 5.0 Throwing
 - Level 12.0 Armour
 - Level 9.3 Stealth
 + Level 9.4 Shields
 - Level 12.0 Invocations
 - Level 5.0 Evocations


You had 13 spell levels left.
You didn't know any spells.
Your spell library contained the following spells:

 Spells                   Type           Power      Damage    Failure   Level
 Apportation              Tloc           0%         N/A       97%         1
 Freeze                   Ice            0%         1d3       97%         1
 Pain                     Necr           0%         1d4       97%         1
 Sting                    Tmut/Pois      0%         1d3       97%         1
 Ensorcelled Hibernation  Hex/Ice        0%         N/A       99%         2
 Passwall                 Tmut/Erth      0%         N/A       99%         2
 Poisonous Vapours        Pois/Air       0%         N/A       99%         2
 Dazzling Flash           Conj/Hex       0%         N/A       100%        3
 Frozen Ramparts          Ice            0%         1d2       100%        3
 Summon Guardian Golem    Hex/Summ       0%         N/A       100%        3
 Swiftness                Air            0%         N/A       100%        3
 Animate Armour           Summ/Erth      0%         N/A       100%        4
 Hailstorm                Conj/Ice       0%         3d3       100%        4
 Iskenderun's Mystic Bla  Conj/Tloc      0%         2d3       100%        4
 Olgreb's Toxic Radiance  Pois           0%         N/A       100%        4
 Petrify                  Tmut/Erth      0%         N/A       100%        4
 Agony                    Necr           0%         N/A       100%        5
 Alistair's Intoxication  Tmut/Pois      0%         N/A       100%        5
 Blade Hands              Tmut           0%         N/A       100%        5
 Excruciating Wounds      Necr           0%         N/A       100%        5
 Irradiate                Conj/Tmut      0%         3d14      100%        5
 Iron Shot                Conj/Erth      0%         9d1       100%        6
 Starburst                Conj/Fire      0%         6d3       100%        6
 Orb of Destruction       Conj           0%         9d5       100%        7
 Spellforged Servitor     Conj/Summ      0%         N/A       100%        7
 Sublimation of Blood     Necr           Unusable   N/A       N/A         2

Dungeon Overview and Level Annotations

Branches:
Dungeon (11/15)            Temple (0/1) D:4            Lair (6/6) D:10
  Swamp (0/4) Lair:2        Snake (0/4) Lair:3        Slime (0/5) Lair:6
    Orc (2/2) D:11          Sewer (visited)
    Elf: Orc:2

Altars:
Kikubaaqudgha
Nemelex Xobeh
Qazlal
Uskayaw

Shops:
D:5 !*   D:9 =

Annotations:
Lair:2 3 runed translucent doors, a3don's ghost, journeyman FeSu


Innate Abilities, Weirdness & Mutations

You are immune to sickness and miasma.
Your stone body is resilient. (AC +10)
You are immune to poison.
Your large and strong wings let you fly.
You resist negative energy. (rN+)
You are resistant to electric shocks. (rElec)
You are resistant to unholy torment.
You are immune to petrification.


Message History

You feel protected from physical attacks.
There is an open door here.
You hit the ettin.
The ettin is lightly wounded.
You hear a shout!
You block the ettin's attack.
The ettin hits you with a +0 dire flail.
Press: ? - help, v - describe, . - travel
Here: an ettin, wielding two +0 dire flails (lightly wounded)
The floor.
Throw: throwing net
Press: ? - help, Q - select action, (/) - cycle Shift-Dir - straight line, f - ettin
Aim: an ettin, wielding two +0 dire flails (lightly wounded, 86% to hit, immune to nets)
You throw a throwing net. The throwing net hits the ettin.
The ettin is too large for the net to hold!
The ettin is lightly wounded.
The ettin hits you with a +0 dire flail!
You block the ettin's attack.
Throw: 4 darts (datura)
Press: ? - help, Q - select action, (/) - cycle Shift-Dir - straight line, f/p - ettin
Aim: an ettin, wielding two +0 dire flails (lightly wounded, 86% to hit, chance to frenzy on hit: 25%)
You throw a datura-tipped dart. The datura-tipped dart hits the ettin!
The ettin flies into a frenzy!
The ettin is lightly wounded.
You block the ettin's attack.
The ettin hits you with a +0 dire flail!!
You hit the ettin.
The ettin is lightly wounded.
The ettin closely misses you. You block the ettin's attack.
Activating: Elemental Force (0% risk of failure)
Press: ? - help, Dir - look around, f - activate Clouds arounds you coalesce and take form!
You hear a shout!
The ettin is engulfed in blazing flames.
The ettin hits you with a +0 dire flail!!
* * * LOW HITPOINT WARNING * * *
A river rat scurries out from under your cloak.
You feel more protected from physical attacks.
The ettin hits you with a +0 dire flail!
You die...

'...)..# .
#.####.#####.####
#.#..#.)........#
#.).)#.....####.#
..#..#..⌠..# #..
#.####.....# +.#
#..........# #.####
####.#####.####.#.r#
.# #.#...#.....E@CE#
.###.#...#.#..E.#./#
#.##.##'##.#....####
####.......#.......
# ##'###.###+###+##
#.).##)##
###...#8.8#
..#####...####
.........)...#####


You could see a neutral ettin (fast, strong, insane, ally target), a friendly
earth elemental (summoned), 2 friendly fire elementals and a friendly river rat.

Vanquished Creatures
  Gastronok (D:9)
  An orc warlord (Orc:2)
  2 dire elephants (Lair:6)
  Snorg (Lair:5)
  2 hydras
  2 boulder beetles (Lair:2)
  3 catoblepae
  Erica (D:11)
  4 two-headed ogres
  3 death yaks (Lair:6)
  2 lindwurms (Lair:2)
  2 bog bodies (Lair:2)
  3 wolf spiders
  9 elephants
  2 manticores (Lair:6)
  Joseph (D:9)
  4 black mambas
  A gargoyle (D:11)
  8 cane toads
  6 komodo dragons
  Maggie (D:9)
  A kobold demonologist (D:10)
  4 rime drakes
  Psyche (D:8)
  3 trolls
  9 polar bears
  A hornet (D:10)
  2 dream sheep (Lair:6)
  3 raiju (Lair:6)
  A meliai zombie (D:10)
  12 blink frogs
  3 jumping spiders (Lair:2)
  A shadow (D:11)
  Eustachio (D:4)
  A wraith (D:11)
  4 wyverns
  Sigmund (D:6)
  55 yaks
  A basilisk (Lair:6)
  2 redbacks (Lair:2)
  4 steam dragons
  Menkaure (D:4)
  4 nagas
  7 wargs
  Duvessa (D:4)
  16 water moccasins
  14 hell hounds (Lair:6)
  A sky beast (D:6)
  13 orc warriors
  14 black bears
  An ice beast (D:8)
  A necrophage (D:8)
  7 ogres
  A centaur (D:10)
  25 wolves
  6 kobold brigands
  10 bullfrogs
  4 scorpions
  A gnoll sergeant (D:3)
  2 water moccasin zombies
  A water moccasin skeleton (D:5)
  Dowan (D:4)
  8 wights
  2 howler monkeys
  2 lava snakes (Lair:2)
  7 centaur zombies
  5 hounds
  A jelly (D:8)
  6 orc priests
  3 centaur skeletons
  2 iguanas (D:6)
  10 orc wizards
  A hound zombie (D:5)
  7 gnolls
  9 adders
  4 white imps
  An ufetubus (D:6)
  2 worms (D:5)
  2 dart slugs
  73 orcs
  23 ball pythons
  5 bats
  17 endoplasms
  11 giant cockroaches
  7 goblins
  8 hobgoblins
  37 kobolds
  13 quokkas
  14 frilled lizards
  3 rats
583 creatures vanquished.

Vanquished Creatures (collateral kills)
  A hydra (Lair:3)
  A catoblepas (Lair:6)
  A polar bear (Lair:6)
  A wyvern (Lair:3)
  A steam dragon (D:7)
  A warg (Orc:2)
  2 black bears (Lair:6)
  A hornet zombie (D:7)
  An orc warrior (Orc:2)
  A kobold brigand (D:8)
  An orc priest (D:4)
  4 orcs
  A goblin (D:4)
  A kobold (D:8)
18 creatures vanquished.

Vanquished Creatures (others)
  A black bear (Lair:6)
  A bullfrog (Lair:1)
  A kobold brigand (D:8)
  An orc priest (D:8)
  2 orcs
  5 kobolds (D:8)
  12 fungi
  28 plants
51 creatures vanquished.

Grand Total: 652 creatures vanquished

Notes
Turn   | Place    | Note
-------+----------+-------------------------------------------
     0 | D:1      | enile the Gargoyle Fighter began the quest for the Orb.
     0 | D:1      | Reached XP level 1. HP: 14/14 MP: 1/1
   151 | D:1      | Reached XP level 2. HP: 20/20 MP: 2/2
   175 | D:1      | Reached skill level 4 in Fighting
   757 | D:1      | Reached XP level 3. HP: 24/24 MP: 3/3
  1058 | D:2      | Found a stormy altar of Qazlal.
  1088 | D:2      | Became a worshipper of Qazlal Stormbringer
  1481 | D:2      | Reached skill level 5 in Fighting
  1488 | D:2      | Reached XP level 4. HP: 23/31 MP: 4/4
  1626 | D:2      | Found a faded altar of an unknown god.
  2124 | D:3      | Reached * piety under Qazlal
  2249 | D:3      | Reached XP level 5. HP: 29/35 MP: 6/6
  2336 | D:3      | Reached XP level 6. HP: 19/40 MP: 8/8
  2930 | D:4      | Noticed Menkaure
  3085 | D:4      | Noticed Eustachio
  3098 | D:4      | Killed Menkaure
  3099 | D:4      | Reached skill level 6 in Fighting
  3133 | D:4      | Killed Eustachio
  3134 | D:4      | Reached skill level 7 in Fighting
  3134 | D:4      | Reached skill level 1 in Stealth
  3134 | D:4      | Reached XP level 7. HP: 18/48 MP: 9/9
  3400 | D:4      | Noticed Duvessa
  3400 | D:4      | Noticed Dowan
  4264 | D:4      | Killed Duvessa
  4266 | D:4      | Killed Dowan
  4691 | D:4      | Found a staircase to the Ecumenical Temple.
  4796 | D:4      | Found an ancient bone altar of Kikubaaqudgha.
  4910 | D:4      | Reached skill level 5 in Armour
  4941 | D:5      | Entered Level 5 of the Dungeon
  5021 | D:5      | Found Koamuviato's Distillery.
  5029 | D:5      | Bought a potion of degeneration for 15 gold pieces
  5029 | D:5      | Bought a potion of heal wounds for 75 gold pieces
  5029 | D:5      | Bought a potion of curing for 45 gold pieces
  5141 | D:5      | Found Buavi's General Store.
  5167 | D:5      | Reached ** piety under Qazlal
  5183 | D:5      | Reached XP level 8. HP: 27/53 MP: 10/10
  5239 | D:5      | Reached skill level 5 in Shields
  5386 | D:5      | Found a glowing drain.
  5392 | Sewer    | Entered a sewer
  5397 | Sewer    | Reached skill level 8 in Fighting
  5662 | Sewer    | Reached *** piety under Qazlal
  6407 | D:6      | Reached skill level 9 in Fighting
  6463 | D:6      | Reached XP level 9. HP: 20/62 MP: 4/11
  6840 | D:6      | Reached skill level 10 in Fighting
  6938 | D:6      | Noticed Sigmund
  6950 | D:6      | Killed Sigmund
  7094 | D:6      | Reached skill level 5 in Stealth
  7390 | D:7      | Found the +2 ratskin cloak {*Rats rPois rN+ Str-1 Int-1
                  | Dex+1}
  7733 | D:7      | Reached skill level 5 in Invocations
  7734 | D:7      | Reached skill level 1 in Throwing
  8115 | D:7      | Reached XP level 10. HP: 52/68 MP: 13/13
  9114 | D:8      | Reached skill level 11 in Fighting
  9133 | D:8      | HP: 3/69 [orc warrior (3)]
  9677 | D:8      | Reached **** piety under Qazlal
 10083 | D:8      | Noticed Psyche
 10093 | D:8      | Killed Psyche
 10507 | D:8      | Reached skill level 5 in Maces & Flails
 10834 | D:9      | Noticed Gastronok
 10880 | D:9      | Killed Gastronok
 10881 | D:9      | Reached skill level 12 in Fighting
 11135 | D:9      | Found Zitsileo's Jewellery Emporium.
 11148 | D:9      | Noticed Maggie
 11166 | D:9      | Killed Maggie
 11167 | D:9      | Reached XP level 11. HP: 61/76 MP: 14/14
 11173 | D:9      | Bought an amulet of regeneration for 360 gold pieces
 11300 | D:9      | Noticed Joseph
 11335 | D:9      | Killed Joseph
 11545 | D:10     | Entered Level 10 of the Dungeon
 12137 | D:10     | Found a staircase to the Lair.
 12468 | D:11     | Reached ***** piety under Qazlal
 12650 | D:11     | Found a staircase to the Orcish Mines.
 12663 | D:11     | Noticed Erica
 12689 | D:11     | Killed Erica
 12823 | D:11     | Identified the +3 hunting sling of Chance {freeze, *Slow
                  | rN+ MP+9}
 13114 | D:11     | Noticed a white ugly thing
 13416 | Lair:1   | Entered Level 1 of the Lair of Beasts
 13690 | Lair:1   | Reached skill level 13 in Fighting
 13699 | Lair:1   | Reached XP level 12. HP: 77/84 MP: 15/15
 13737 | Lair:1   | Reached skill level 5 in Throwing
 14281 | Lair:2   | Noticed a seven-headed hydra
 14282 | Lair:2   | Noticed a minotaur
 14284 | Lair:2   | Noticed a3don's ghost (journeyman FeSu)
 14319 | Lair:2   | Found a runed translucent gate.
 14319 | Lair:2   | Found a runed translucent gate.
 14319 | Lair:2   | Found a runed translucent gate.
 14404 | Lair:2   | Reached skill level 14 in Fighting
 14607 | Lair:2   | Found a runed translucent door.
 14774 | Lair:3   | Identified the +5 hand axe "Fapaat" {vamp, Stlth+}
 15002 | Lair:2   | Found a staircase to the Swamp.
 15161 | Lair:2   | Reached skill level 1 in Evocations
 15639 | Lair:2   | Found a runed translucent gate.
 15639 | Lair:2   | Found a runed translucent gate.
 15639 | Lair:2   | Found a runed translucent gate.
 15639 | Lair:2   | Found a runed translucent gate.
 15639 | Lair:2   | Found a runed translucent gate.
 15639 | Lair:2   | Found a runed translucent gate.
 15639 | Lair:2   | Noticed a boulder beetle
 15639 | Lair:2   | Noticed a boulder beetle
 15858 | Lair:3   | Found a staircase to the Snake Pit.
 16126 | Lair:3   | Found a hide-covered altar of Uskayaw.
 16165 | Lair:3   | Reached XP level 13. HP: 66/90 MP: 19/19
 16847 | Lair:3   | Reached skill level 5 in Evocations
 17188 | Lair:4   | Reached skill level 10 in Armour
 17200 | Lair:4   | Found a sparkling altar of Nemelex Xobeh.
 18169 | Lair:5   | Noticed Snorg
 18190 | Lair:5   | Killed Snorg
 18630 | Lair:6   | Entered Level 6 of the Lair of Beasts
 19010 | Lair:6   | Found a staircase to the Slime Pits.
 19075 | Lair:6   | Reached skill level 10 in Invocations
 19076 | Lair:6   | Gained mutation: Your large and strong wings let you fly.
                  | [Gargoyle growth]
 19076 | Lair:6   | Reached XP level 14. HP: 86/96 MP: 21/21
 19577 | Lair:6   | Noticed a dire elephant
 19610 | Lair:6   | Killed a dire elephant
 19639 | Lair:6   | Identified the +6 scimitar of Qihaliku {vamp, rF++ rN+
                  | MP+9}
 19686 | Lair:6   | Noticed a dire elephant
 19701 | Lair:6   | Killed a dire elephant
 19739 | Lair:6   | Reached skill level 15 in Fighting
 20017 | Lair:6   | Reached skill level 10 in Maces & Flails
 20102 | Lair:6   | Identified the ring "Jonicel" {*Corrode +Blink rF+ Int+9}
 20172 | Lair:6   | Identified the +5 hunting sling of Ydaqull {speed, rC+
                  | Dex+2}
 20382 | Lair:6   | Identified the +3 longbow of Guile {vorpal, rN+}
 20674 | Lair:2   | Identified the ring of Delaroc {Ice Drain rPois MP+9 Int+9}
 20941 | Orc:1    | Entered Level 1 of the Orcish Mines
 21182 | Orc:2    | Entered Level 2 of the Orcish Mines
 21576 | Orc:2    | Noticed an orc warlord
 21593 | Orc:2    | Killed an orc warlord
 21637 | Orc:2    | Mangled by an ettin

Illustrated notes

Levels and vault maps discovered:
D:1:      lemuel_arrival_funnel, layout_rooms, serial_forest,
          infiniplex_forest_lined_4_way, infiniplex_forest_split,
          infiniplex_forest_zigzag_1, infiniplex_forest_fountain
D:2:      layout_basic, basic_altar, nicolae_ecumenical_snake_handling,
          solitary_fountain
D:3:      cheibrodos_old_hovel, layout_basic
D:4:      layout_cave_pools, mainiacjoe_overflow_six_doors_small,
          minmay_temple_entry_trees, uniq_eustachio, uniq_duvessa, uniq_menkaure
D:5:      minmay_recursive_quarters, layout_loops_ring, serial_shops,
          nicolae_lakefront_shop, kennysheep_mini_moat,
          cheibrodos_sewer_entry_bend, serial_bayou_pond_d
D:6:      kennysheep_spiral_hall, layout_cave_pools, uniq_sigmund
D:7:      wander_river, layout_gridville
D:8:      layout_loops_cross, hangedman_abyss_or_decor_passed,
          hangedman_abyss_or_decor_lesser_grid, minmay_puff, uniq_psyche
D:9:      layout_rooms, serial_shops, nicolae_shop_crystal, uniq_maggie,
          uniq_gastronok, uniq_joseph
D:10:     layout_loops_cross, erik_lair_orcish_takeover
D:11:     layout_roguey, orc_0_dummy, uniq_erica
Lair:1:   layout_loops_ring, beast_lair_carwin_2, infiniplex_staircase_pool_2,
          grunt_megastairs_2
Lair:2:   gammafunk_indiana_jones, layout_big_grid, skrybe_swamp_entry_bodies,
          maelrawn_ghost_gauntlet_escape
Lair:3:   layout_chaotic_city, minmay_snake_entry_guardpost_small, basic_altar,
          nicolae_lair_run_with_the_wolves, grunt_megastairs_5
Lair:4:   layout_regular_city, basic_altar, lemuel_fruit_tree
Lair:5:   layout_regular_city, serial_bayou_pond_a, uniq_snorg
Lair:6:   hangedman_lair_caniforms_friends, layout_cave_pods,
          hangedman_lair_in_review, dpeg_slime_entry_corner
Orc:1:    layout_caves, special_room [special_room_bee]
Orc:2:    pubby_orc_utopia

Skill      XL: |  1  2  3  4  5  6  7  8  9 10 11 12 13 14 |
---------------+-------------------------------------------+-----
Fighting       | 4 5 7 9 10 12 13 14 15 | 15.0
Shields        | 4 5 6 7 9 |  9.4
Invocations    | 2 3 5 8 10 12 | 12.0
Maces & Flails | 3 4 6 9 10 | 10.0
Armour         | 4 5 7 8 9 12 | 12.0
Stealth        | 1 3 6 7 9 |  9.3
Throwing       | 3 5 |  5.0
Evocations     | 4 5 |  5.0

Action                   |  1- 3 |  4- 6 |  7- 9 | 10-12 | 13-15 || total
-------------------------+-------+-------+-------+-------+-------++-------
Melee: Flail             |    76 |       |       |   395 |       ||   471
       Dagger            |    73 |    41 |       |       |       ||   114
       Whip              |       |    65 |   450 |   432 |   963 ||  1910
Throw: Javelin           |       |     6 |     2 |     2 |     1 ||    11
       Dart              |       |       |     6 |    34 |     9 ||    49
       Throwing net      |       |       |       |       |     1 ||     1
Invok: Upheaval          |       |       |     5 |     7 |     3 ||    15
       Elemental Force   |       |       |     1 |     2 |     4 ||     7
       Disaster Area     |       |       |       |     1 |       ||     1
Evoke: Wand              |       |       |       |       |     1 ||     1
       Phantom mirror    |       |       |       |       |     1 ||     1
  Use: Potion            |       |     2 |       |     1 |     1 ||     4
       Scroll            |       |     5 |     5 |     6 |     9 ||    25
 Stab: Petrified         |       |       |       |       |    33 ||    33
       Petrifying        |       |       |       |       |     3 ||     3
       Distracted        |       |       |       |       |     1 ||     1
Armor: Scale mail        |    85 |    35 |    11 |       |       ||   131
       Skin              |       |    77 |       |       |       ||    77
       Plate armour      |       |       |   228 |   579 |   506 ||  1313
       Leather armour    |       |       |    11 |       |       ||    11
       Troll leather arm |       |       |       |       |    11 ||    11
Dodge: Dodged            |    76 |    43 |   109 |   200 |   193 ||   621
       Repelled          |       |       |       |     2 |     7 ||     9
Block: Buckler           |    39 |    61 |   202 |   523 |   543 ||  1368

Table legend: (Time is in decaauts)
 A = Elapsed time spent in this place.
 B = Non-inter-level travel time spent in this place.
 C = Inter-level travel time spent in this place.
 D = Time resting spent in this place.
 E = Time spent auto-exploring this place.
 F = Levels seen in this place.
 G = Mean time per level.
                   A        B        C        D        E       F      G
               +--------+--------+--------+--------+--------+-----+--------+
         Total |  21379 |  20445 |    934 |   3320 |  12106 |  20 | 1068.9 |
       Dungeon |  13008 |  12592 |    416 |   2380 |   7610 |  11 | 1182.5 |
          Lair |   7222 |   6722 |    500 |    903 |   3918 |   6 | 1203.7 |
  Orcish Mines |    639 |    622 |     17 |     37 |    320 |   2 |  319.5 |
         Sewer |    509 |    509 |      0 |      0 |    258 |   1 |  509.0 |
               +--------+--------+--------+--------+--------+-----+--------+

Top non-repeatable levels by time:
     D:7: 2043 daAuts
     D:3: 1806 daAuts
  Lair:2: 1752 daAuts
  Lair:6: 1667 daAuts
     D:8: 1357 daAuts
  Lair:3: 1185 daAuts
     D:4: 1167 daAuts
     D:1: 1074 daAuts
  Lair:1: 1009 daAuts
    D:10: 1001 daAuts
     D:6: 984 daAuts
     D:5: 969 daAuts
     D:9: 950 daAuts
     D:2: 928 daAuts
  Lair:4: 879 daAuts
